 Dungeon Crawl Stone Soup version 0.28-a0-1190-g77e1c55843 (webtiles) character file.

Game seed: 1811986927051281925

4812 enile the Skirmisher (level 10, -2/79 HPs)
             Began as a Demonspawn Cinder Acolyte on Dec 19, 2021.
             Was an Initiate of Yredelemnul.
             Slain by a water moccasin (7 damage)
             ... on level 9 of the Dungeon.
             The game lasted 00:27:27 (9847 turns).

enile the Skirmisher (Demonspawn Cinder Acolyte)    Turns: 9847, Time: 00:27:28

Health: -2/79      AC:  8    Str: 24    XL:     10   Next: 24%
Magic:  14/15      EV: 13    Int: 23    God:    Yredelemnul [......]
Gold:   413        SH:  0    Dex: 12    Spells: 8/13 levels left

rFire   . . .      SeeInvis +   y - +4 quarterstaff (chaos)
rCold   . . .      Faith    .   (shield currently unavailable)
rNeg    . . .      Spirit   .   s - +0 troll leather armour
rPois   .          Reflect  .   (helmet restricted)
rElec   .          Harm     .   H - scarf {repulsion}
rCorr   .          Rampage  .   (no gloves)
Will    .....                   (no boots)
Stlth   ++........              (no amulet)
HPRegen 1.03/turn               C - +4 ring of protection
MPRegen 0.14/turn               e - ring "Gestriek" {Str+6 Dex+4 SInv}

@: brilliant, lethally poisoned (-2 -> -14), repel missiles, fire susceptible
A: antennae 1, demonic guardian 2, big brain 3
a: Renounce Religion, Recall Undead Harvest


You were on level 9 of the Dungeon.
You worshipped Yredelemnul.
Yredelemnul was noncommittal.
You visited 1 branch of the dungeon, and saw 9 of its levels.

You collected 413 gold pieces.

Inventory:

Hand Weapons
 a - a -1 spear of flaming
 n - a +1 dagger of venom
 v - a +3 trident
 y - a +4 quarterstaff of chaos (weapon)
 A - a +0 mace
 L - a +1 dagger of speed
Missiles
 q - 19 poisoned darts
 O - a curare-tipped dart
Armour
 b - a +0 robe
 f - a +0 ring mail
 s - a +0 troll leather armour (worn)
 t - the +18 shield of the Gong {rElec rN+ Will+ EV-5}
   (You found it on level 8 of the Dungeon)

   It is deafeningly noisy when blocking attacks.
   EV:        It affects your evasion (-5).
   rElec:     It insulates you from electricity.
   rN:        It protects you from negative energy.
   Will:      It increases your willpower.
 u - a +0 tower shield
 z - a +0 cloak
 H - a scarf of repulsion (worn)
Magical Staves
 Q - a staff of poison
Jewellery
 e - the ring "Gestriek" (right hand) {Str+6 Dex+4 SInv}
   (You acquired it on level 8 of the Dungeon)

   [ring of strength]

   Str:       It affects your strength (+6).
   Dex:       It affects your dexterity (+4).
   SInv:      It lets you see invisible.
 C - a +4 ring of protection (left hand)
 M - a +4 ring of evasion
Wands
 j - a wand of iceblast (13)
 K - a wand of flame (14)
Scrolls
 g - 2 scrolls of immolation
 i - 2 scrolls of magic mapping {unknown}
 w - a scroll of holy word {unknown}
 B - 4 scrolls of identify {unknown}
 F - a scroll of noise {unknown}
 I - 2 scrolls of fear {unknown}
 J - a scroll of enchant weapon {unknown}
 N - a scroll of silence {unknown}
 P - a scroll of summoning {unknown}
Potions
 c - a potion of attraction {unknown}
 l - a potion of mutation {unknown}
 m - a potion of berserk rage {unknown}
 o - a potion of might {unknown}
 r - 3 potions of heal wounds
 E - 3 potions of degeneration {unknown}
 G - 2 potions of haste {unknown}


   Skills:
 - Level 7.0 Fighting
 - Level 2.0 Short Blades
 - Level 4.4(5.5) Polearms
 - Level 5.1(6.0) Staves
 - Level 4.0 Throwing
 - Level 3.0 Armour
 - Level 5.0 Dodging
 - Level 3.0 Stealth
 - Level 2.0 Shields
 - Level 2.0 Spellcasting
 - Level 3.0 Fire Magic
 - Level 7.0 Invocations
 + Level 3.5 Evocations


You had 8 spell levels left.
You knew the following spells:

 Your Spells              Type           Power      Damage    Failure   Level
a - Scorch                Fire           48%        2d7       2%          2
b - Swiftness             Air            3%         N/A       17%         3

Your spell library contained the following spells:

 Spells                   Type           Power      Damage    Failure   Level
 Animate Skeleton         Necr           6%         N/A       6%          1
 Apportation              Tloc           6%         N/A       6%          1
 Beastly Appendage        Tmut           6%         N/A       6%          1
 Pain                     Necr           12%        1d4       6%          1
 Shock                    Conj/Air       12%        1d3       6%          1
 Summon Small Mammal      Summ           12%        N/A       6%          1
 Ensorcelled Hibernation  Hex/Ice        6%         N/A       9%          2
 Wereblood                Tmut           3%         N/A       9%          2
 Frozen Ramparts          Ice            6%         1d2       17%         3
 Spider Form              Tmut/Pois      3%         N/A       17%         3
 Airstrike                Air            1%         N/A       47%         4
 Ice Form                 Ice/Tmut       3%         N/A       47%         4
 Summon Ice Beast         Ice/Summ       3%         N/A       47%         4
 Summon Lightning Spire   Summ/Air       3%         N/A       47%         4
 Agony                    Necr           3%         N/A       82%         5
 Excruciating Wounds      Necr           1%         N/A       82%         5
 Storm Form               Tmut/Air       1%         N/A       100%        7
 Maxwell's Capacitive Co  Air            1%         ∞         100%        8


Dungeon Overview and Level Annotations

Branches:
Dungeon (9/15)             Temple (0/1) D:4            Lair (0/6) D:9
    Orc: D:9-12

Altars:
Kikubaaqudgha
Makhleb
Nemelex Xobeh
Okawaru
Uskayaw
Yredelemnul
The Shining One
Beogh

Shops:
D:6 (   D:9 *


Innate Abilities, Weirdness & Mutations

You have a pair of small antennae on your head.
A demonic guardian rushes to your aid.
You have an absolutely massive brain. (Int +6, Wiz)


Message History

You hit the water moccasin but do no damage.
The water moccasin is almost dead.
The water moccasin bites you but does no damage.
The water moccasin bites you but does no damage.
Your hellwing swoops through the air toward the water moccasin!
Your hellwing barely misses the water moccasin.
Your hellwing closely misses the water moccasin.
The water moccasin bites you.
You are poisoned.
The water moccasin poisons you!
Okay, then.
It was a potion of brilliance.
You feel clever all of a sudden.
You feel very sick. The water moccasin barely misses you.
The iguana barely misses you.
The water moccasin bites your hellwing but does no damage.
Casting: Swiftness (dangerous; 17% risk of failure)
Confirm with . or Enter, or press ? or * to list all spells.
Okay, then.
Casting: Swiftness (dangerous; 17% risk of failure)
Confirm with . or Enter, or press ? or * to list all spells.
You feel a surge of power!
Flames lash the yak.
The yak is lightly wounded.
The yak's fire resistance burns away.
You feel very sick. The water moccasin bites you.
* * * LOW HITPOINT WARNING * * *
You are more poisoned.
The water moccasin poisons you! The water moccasin bites your hellwing.
Your hellwing barely misses the water moccasin.
Your hellwing hits the water moccasin.
The water moccasin dies!
A black mist starts to gather...
The iguana bites you!
* * * LOW HITPOINT WARNING * * *
The water moccasin bites you but does no damage.
* * * LOW HITPOINT WARNING * * *
You feel very sick. The water moccasin bites you!
You die...
Your body rises from the dead as a mindless zombie.

..# #.......>.##..(..P..
..## ##......(.#......PP.
...# #.....Y...{Z...PP.P
...## ##........##.......
....# ##......##YP..♣.PP
....#####......##.P..P...
.....##........4l...♣.PP>
.....Z...#######SlY..[.P.
........## #@.P.P...P
.......## #..P.P.PP.
#####.## ##.......$
......# #...P.... #+#####
##.....P. {{ #..... ##...
###


You could see 3 yaks, a water moccasin, a wyvern, an iguana and a friendly
hellwing (summoned).

Vanquished Creatures
  2 vault sentinels
  3 wyverns
  A basilisk (D:9)
  4 yaks
  Duvessa (D:6)
  A sky beast (D:7)
  A necrophage (D:6)
  3 orc warriors (D:8)
  4 ogres
  3 centaurs
  3 kobold brigands
  2 bullfrogs (D:8)
  A scorpion (D:5)
  Dowan (D:6)
  6 killer bees
  4 wights (D:4)
  4 howler monkeys
  A centaur zombie (D:6)
  2 hounds
  3 orc priests
  A jelly (D:4)
  2 iguanas
  2 orc wizards (D:9)
  A killer bee zombie (D:7)
  A howler monkey zombie (D:9)
  Robin (D:3)
  5 adders
  A howler monkey skeleton (D:5)
  2 white imps (D:7)
  An ufetubus (D:5)
  An adder zombie (D:5)
  An adder skeleton (D:4)
  A worm (D:2)
  A dart slug (D:5)
  23 orcs
  6 ball pythons
  6 endoplasms
  3 giant cockroaches
  12 goblins
  8 hobgoblins
  2 jackals (D:1)
  2 quokkas (D:4)
  4 bats
  3 frilled lizards
  A jackal skeleton (D:2)
  19 kobolds
  4 rats
164 creatures vanquished.

Vanquished Creatures (collateral kills)
  2 fire elementals (D:8)
  2 water moccasins
  A scorpion (D:9)
  A wight (D:4)
  A centaur zombie (D:4)
  Crazy Yiuf (D:4)
  6 orcs
  A hobgoblin (D:4)
15 creatures vanquished.

Vanquished Creatures (others)
  A wyvern zombie (D:9)
  A centaur zombie (D:9)
  A kobold zombie (D:9)
  3 orc zombies (D:9)
  24 foxfires
  4 fungi
  9 plants
43 creatures vanquished.

Grand Total: 222 creatures vanquished

Notes
Turn   | Place    | Note
-------+----------+-------------------------------------------
     0 | D:1      | enile the Demonspawn Cinder Acolyte began the quest for the
                  | Orb.
     0 | D:1      | Reached XP level 1. HP: 18/18 MP: 2/2
    89 | D:1      | Found a faded altar of an unknown god.
   243 | D:1      | Gained mutation: You have a pair of small antennae on your
                  | head. [demonic ancestry]
   243 | D:1      | Reached XP level 2. HP: 18/24 MP: 3/3
  1113 | D:2      | Gained mutation: You have an unusually large brain. (Int
                  | +2) [demonic ancestry]
  1113 | D:2      | Reached XP level 3. HP: 29/30 MP: 4/4
  1363 | D:2      | Learned a level 2 spell: Scorch
  1529 | D:2      | Reached skill level 1 in Armour
  2270 | D:3      | Found an ancient bone altar of Kikubaaqudgha.
  2469 | D:3      | Gained mutation: A weak demonic guardian rushes to your
                  | aid. [demonic ancestry]
  2469 | D:3      | Reached XP level 4. HP: 3/37 MP: 3/5
  2801 | D:3      | Noticed Robin
  2828 | D:3      | Reached skill level 1 in Dodging
  2867 | D:3      | Killed Robin
  3278 | D:3      | Found a sparkling altar of Nemelex Xobeh.
  3560 | D:4      | Found an iron altar of Okawaru.
  3586 | D:4      | Reached skill level 1 in Short Blades
  3586 | D:4      | Reached XP level 5. HP: 30/42 MP: 1/6
  3674 | D:4      | Noticed a centaur
  4163 | D:4      | Killed a centaur
  4250 | D:4      | Found a staircase to the Ecumenical Temple.
  4612 | D:4      | Found a runed translucent door.
  4613 | D:4      | Noticed Crazy Yiuf
  4699 | D:4      | Gained mutation: A demonic guardian rushes to your aid.
                  | [demonic ancestry]
  4699 | D:4      | Reached XP level 6. HP: 25/47 MP: 7/9
  4710 | D:4      | Reached skill level 1 in Stealth
  5203 | D:4      | Learned a level 3 spell: Swiftness
  5573 | D:4      | Reached skill level 1 in Evocations
  5755 | D:4      | Gained mutation: You have an extremely huge brain. (Int +4)
                  | [demonic ancestry]
  5755 | D:4      | Reached XP level 7. HP: 51/52 MP: 10/10
  5868 | D:4      | Killed Crazy Yiuf
  5940 | D:5      | Entered Level 5 of the Dungeon
  6046 | D:5      | You fall into a shaft and drop 2 floors!
  6076 | D:7      | Reached skill level 5 in Fighting
  6143 | D:6      | Found a basalt altar of Yredelemnul.
  6145 | D:6      | Noticed Duvessa
  6157 | D:6      | Noticed Dowan
  6163 | D:6      | Killed Duvessa
  6166 | D:6      | Killed Dowan
  6264 | D:6      | Found Weerucoq's Weapon Shoppe.
  6367 | D:6      | Reached skill level 1 in Throwing
  6367 | D:6      | Reached XP level 8. HP: 48/59 MP: 11/11
  7734 | D:8      | Gained mutation: You have an absolutely massive brain. (Int
                  | +6, Wiz) [demonic ancestry]
  7734 | D:8      | Reached XP level 9. HP: 59/69 MP: 12/12
  7942 | D:8      | Found a burning altar of Makhleb.
  7970 | D:8      | Noticed a vault sentinel
  7970 | D:8      | Noticed a vault sentinel
  7986 | D:8      | Identified a scroll of acquirement
  7986 | D:8      | Acquired the ring "Gestriek" {Str+6 Dex+4 SInv}
  8304 | D:8      | Found the +18 shield of the Gong {rElec rN+ Will+ EV-5}
  8438 | D:8      | Reached skill level 1 in Shields
  8729 | D:7      | Killed a vault sentinel
  8857 | D:8      | Killed a vault sentinel
  8858 | D:8      | Reached skill level 5 in Staves
  9056 | D:8      | Reached skill level 5 in Dodging
  9132 | D:8      | Reached skill level 5 in Invocations
  9467 | D:6      | Fell from the grace of Ignis
  9467 | D:6      | Became a worshipper of Yredelemnul the Dark
  9643 | D:8      | You fall into a shaft and drop 1 floor!
  9643 | D:9      | Found a hide-covered altar of Uskayaw.
  9652 | D:9      | Reached XP level 10. HP: 56/79 MP: 14/14
  9737 | D:9      | Reached * piety under Yredelemnul
  9789 | D:9      | Reached ** piety under Yredelemnul
  9833 | D:9      | Found Attel's General Store.
  9833 | D:9      | Found a staircase to the Lair.
  9847 | D:9      | Slain by a water moccasin

Illustrated notes

Levels and vault maps discovered:
D:1:      eino_arrival_tree_alley, layout_loops_ring,
          shapermc_ecumenical_altar_mp_ritualfount
D:2:      layout_basic
D:3:      layout_loops_cross, nemelex_dance_club_becter, amcnicky_altar_gilded,
          uniq_robin
D:4:      layout_loops_corners, gammafunk_temple_overflow_statue,
          minmay_temple_entry_stoned_glass, uniq_crazy_yiuf_cottage
D:5:      layout_loops_ring, kennysheep_generic_room_11
D:6:      layout_basic, mainiacjoe_overflow_tiny_flanked, serial_shops,
          nicolae_shop_bloodbath_and_beyond, kennysheep_generic_room_3,
          uniq_duvessa
D:7:      layout_cave_pools
D:8:      layout_basic, lemuel_crystal_altar, special_room [special_room_orc],
          hellmonk_guarded_unrand_gong
D:9:      layout_cave_pods, nicolae_uskayaw_dance_studio,
          minmay_lair_entry_grove, kennysheep_orc_monster_closet_entryway,
          serial_shops, kennysheep_mini

Skill      XL: |  1  2  3  4  5  6  7  8  9 10 |
---------------+-------------------------------+-----
Fighting       | 4 5 6 7 |  7.0
Polearms       | 3 4 |  4.4
Armour         | 2 3 |  3.0
Dodging        | 1 3 5 |  5.0
Short Blades   | 1 2 |  2.0
Fire Magic     | 3 |  3.0
Spellcasting   | 2 |  2.0
Stealth        | 2 3 |  3.0
Evocations     | 2 3 |  3.5
Staves         | 2 4 5 |  5.1
Throwing       | 1 3 4 |  4.0
Invocations    | 4 5 7 |  7.0
Shields        | 2 |  2.0

Action                   |  1- 3 |  4- 6 |  7- 9 | 10-12 || total
-------------------------+-------+-------+-------+-------++-------
Melee: Spear             |   130 |    35 |       |       ||   165
       Dagger            |       |    84 |       |       ||    84
       Trident           |       |     7 |     2 |       ||     9
       Quarterstaff      |       |       |   264 |    34 ||   298
Throw: Dart              |       |     2 |    26 |    10 ||    38
 Cast: Scorch            |     6 |    17 |       |     1 ||    24
       Swiftness         |       |       |     1 |       ||     1
Invok: Fiery Armour      |     1 |     5 |     3 |       ||     9
       Foxfire Swarm     |       |       |     2 |       ||     2
       Rising Flame      |       |       |     1 |       ||     1
Evoke: Wand              |       |     3 |     1 |     4 ||     8
  Use: Potion            |     1 |       |     1 |     3 ||     5
       Scroll            |       |     2 |     8 |     4 ||    14
 Stab: Sleeping          |       |       |     1 |       ||     1
       Distracted        |       |       |       |     3 ||     3
Armor: Robe              |     1 |       |       |       ||     1
       Ring mail         |    32 |    64 |       |       ||    96
       Troll leather arm |       |     7 |   118 |    24 ||   149
Dodge: Dodged            |    81 |    97 |   196 |    47 ||   421
       Repelled          |       |       |     3 |       ||     3

Table legend: (Time is in decaauts)
 A = Elapsed time spent in this place.
 B = Non-inter-level travel time spent in this place.
 C = Inter-level travel time spent in this place.
 D = Time resting spent in this place.
 E = Time spent auto-exploring this place.
 F = Levels seen in this place.
 G = Mean time per level.
                   A        B        C        D        E       F      G
               +--------+--------+--------+--------+--------+-----+--------+
         Total |   9848 |   9465 |    383 |   1167 |   6528 |   9 | 1094.2 |
       Dungeon |   9848 |   9465 |    383 |   1167 |   6528 |   9 | 1094.2 |
               +--------+--------+--------+--------+--------+-----+--------+

Top non-repeatable levels by time:
     D:4: 1916 daAuts
     D:3: 1847 daAuts
     D:8: 1232 daAuts
     D:7: 1184 daAuts
     D:1: 1102 daAuts
     D:2: 1060 daAuts
     D:5: 694 daAuts
     D:6: 584 daAuts
     D:9: 225 daAuts
